 Dungeon Crawl Stone Soup version 0.26.0-18-gc5c842f807 (webtiles) character file.

Game seed: 1441539072353628560

14 thiole the Magician (level 2, 0/17 HPs)
             Began as an Octopode Hedge Wizard on Jan 23, 2021.
             Slain by an adder (2 damage)
             ... on level 1 of the Dungeon.
             The game lasted 00:01:00 (990 turns).

thiole the Magician (Octopode Hedge Wizard)          Turns: 990, Time: 00:01:01

Health: 0/17       AC:  1    Str:  9    XL:     2   Next: 45%
Magic:  2/6        EV: 13    Int: 16    God:
Gold:   85         SH:  0    Dex: 11    Spells: 6/7 levels left

rFire    . . .     SeeInvis .   a - +0 dagger
rCold    . . .     Faith    .   (no shield)
rNeg     . . .     Spirit   .   b - +0 hat
rPois    .         Reflect  .   (no amulet)
rElec    .         Harm     .   (no ring)
rCorr    .         Rampage  .   (no ring)
Will     .....                  (no ring)
Stlth    ++++......             (no ring)
HPRegen  0.05/turn              (no ring)
MPRegen  0.10/turn              (no ring)
                                (no ring)
                                (no ring)

@: lethally poisoned (0 -> -3)
A: almost no armour, stealthy swim, amphibious, 8 rings, constrict 8, camouflage
1, gelatinous body 1
a: no special abilities


You were on level 1 of the Dungeon.
You visited 1 branch of the dungeon, and saw 2 of its levels.

You collected 85 gold pieces.

Inventory:

Hand Weapons
 a - a +0 dagger (weapon)
Armour
 b - a +0 hat (worn)
Scrolls
 f - a scroll of blinking {unknown}
 g - a scroll of identify {unknown}
Potions
 e - a potion of invisibility


   Skills:
 - Level 2.0 Dodging
 + Level 2.9 Stealth
 + Level 3.1 Spellcasting
 * Level 1.6 Conjurations
 * Level 1.4 Summonings
 - Level 1.0 Translocations


You had 6 spell levels left.
You knew the following spells:

 Your Spells              Type           Power        Failure   Level
a - Magic Dart            Conj           28%          10%         1

Your spell library contained the following spells:

 Spells                   Type           Power        Failure   Level
 Call Imp                 Summ           7%           16%         2
 Blink                    Tloc           N/A          19%         2
 Slow                     Hex            2%           28%         2
 Conjure Flame            Conj/Fire      5%           36%         3
 Mephitic Cloud           Conj/Pois/Air  4%           41%         3


Dungeon Overview and Level Annotations

Branches:
Dungeon (2/15)

Altars:


Innate Abilities, Weirdness & Mutations

You cannot wear most types of armour.
You are very stealthy in the water. (Stealth+)
You are amphibious.
You can wear up to eight rings at the same time.
You can use your tentacles to constrict eight enemies at once.
Your skin changes colour to match your surroundings (Stealth+).
Your rubbery body absorbs attacks. (AC +1, EV +1)


Message History

* * * LOW HITPOINT WARNING * * *
You feel sick. The adder closely misses you.
You are very lightly contaminated with residual magic.
It was a potion of lignification.
You feel woody for a moment. The adder closely misses you.
It was a potion of cancellation.
Your magical effects are unravelling.
You feel magically purged.
Your magical contamination has completely faded away.
You flicker back into view.
The adder barely misses you. The adder misses you.
You barely miss the adder. You grab the adder.
The adder is lightly wounded.
You constrict the adder. The adder barely misses you.
You hit the adder.
The adder is heavily wounded.
You constrict the adder.
* * * LOW HITPOINT WARNING * * *
You feel sick. The adder bites you.
You die...

#####.####
#.####.##.........
.........##
#.#.......####....
########..# #...####..#
#.... ##.## #..## ##.#
#.... #..#####..#
#.####..## ##.#......##
##.......#
#...≈≈≈≈..####..≈§≈≈..#
#..≈≈≈≈≈≈.....§≈≈≈§≈§.#
#..≈≈≈≈@Sh.<>..≈≈≈≈§§.##
#..≈≈≈≈≈≈......≈§≈≈≈≈..#
##..≈≈≈≈...##..§§≈≈≈....
##.......####§........#
######### ###......##
########


You could see an adder and a jackal.

Vanquished Creatures
  A goblin (D:1)
  3 hobgoblins (D:1)
  A jackal (D:2)
  3 bats (D:1)
  4 frilled lizards (D:1)
  3 kobolds (D:1)
15 creatures vanquished.

Vanquished Creatures (others)
  A plant (D:2)
1 creature vanquished.

Grand Total: 16 creatures vanquished

Notes
Turn   | Place    | Note
-------+----------+-------------------------------------------
     0 | D:1      | thiole the Octopode Hedge Wizard began the quest for the
                  | Orb.
     0 | D:1      | Reached XP level 1. HP: 11/11 MP: 4/4
   279 | D:1      | Reached XP level 2. HP: 17/17 MP: 3/6
   990 | D:1      | Slain by an adder

Illustrated notes

Levels and vault maps discovered:
D:1:      dpeg_arrival_pits, layout_basic, minmay_misc_feat_four_crosses
D:2:      layout_basic, lemuel_doored_altar, chequers_ecumenical_altar_lobes

Action                   || total
-------------------------++-------
Melee: Dagger            ||     5
       Constrict         ||     3
 Cast: Magic Dart        ||    33
  Use: Potion            ||     3
Dodge: Dodged            ||    10
